 Dungeon Crawl Stone Soup version 0.30.1-11-g7821555f0a (webtiles) character file.

Game seed: 12981591999099988159

111 Kagerus the Poker (level 4, 0/33 HPs)
             Began as a Merfolk Gladiator on Oct 29, 2023.
             Succumbed to a water moccasin's poison
             ... in a sewer.
             The game lasted 00:05:46 (2226 turns).

Kagerus the Poker (Merfolk Gladiator)               Turns: 2226, Time: 00:05:47

Health: 0/33       AC:  4    Str: 11 (14) XL:     4   Next: 92%
Magic:  4/4        EV: 12    Int:  4 (7)  God:
Gold:   158        SH:  3    Dex: 14 (17) Spells: 3/3 levels left

rFire   + . .        a - +0 trident
rCold   + . .        p - +0 buckler
rNeg    . . .        b - +0 leather armour
rPois   +            k - +0 helmet
rElec   +            (no cloak)
rCorr   +            (no gloves)
SInv    .            (no boots)
Will    .....        (no amulet)
Stlth   +            (no ring)
HPRegen 0.25/turn    (no ring)
MPRegen 0.09/turn

%: no passive effects
@: lethally poisoned (0 -> -1), resistant, flying, invisible
A: (nimble swimmer 2), mertail
a: no special abilities


You were in a sewer.
You visited 1 branch of the dungeon, and saw 3 of its levels.
You also visited: Sewer.

You collected 158 gold pieces.

Inventory:

Hand Weapons
 a - a +0 trident (weapon)
Missiles
 d - 3 throwing nets (quivered)
 e - a javelin
Armour
 b - a +0 leather armour (worn)
 k - a +0 helmet (worn)
 p - a +0 buckler (worn)
Magical Staves
 n - a staff of poison
Jewellery
 l - an amulet of reflection
Scrolls
 c - 4 scrolls of teleportation {unknown}
 g - 3 scrolls of identify {unknown}
 h - a scroll of magic mapping {unknown}
 m - a scroll of fear {unknown}
 o - a scroll of fog {unknown}
Potions
 r - a potion of degeneration


   Skills:
 - Level 2.1 Fighting
 + Level 5.8 Polearms
 + Level 3.7 Throwing
 - Level 4.0 Dodging


You had 3 spell levels left.
You didn't know any spells.
Your spell library was empty.

Dungeon Overview and Level Annotations

Branches:
Dungeon (3/15)              Sewer (1/1)

Altars:
The Shining One


Innate Abilities, Weirdness & Mutations

((You are very nimble when in or above water. (Stealth+, EV+, Speed+++)))
Your lower body shifts to a powerful aquatic tail in water.


Message History

You are lethally poisoned!
The water moccasin poisons you!
You feel much better.
You feel very sick. The bat barely misses you.
The water moccasin bites you but does no damage.
You hit the water moccasin.
The water moccasin is moderately wounded.
You feel sick. The bat misses you. The water moccasin barely misses you.
The water moccasin bites you.
You hit the water moccasin.
The water moccasin is moderately wounded.
You feel very sick. The bat misses you. The water moccasin closely misses you.
The water moccasin barely misses you.
You miss the water moccasin.
The water moccasin is moderately wounded.
You feel sick. The bat misses you.
The water moccasin bites you but does no damage.
You hit the water moccasin but do no damage.
The water moccasin is moderately wounded.
You feel sick. The bat barely misses you.
You block the water moccasin's attack. The bat barely misses you.
You closely miss the water moccasin.
The water moccasin is moderately wounded.
You feel sick. The bat hits you but does no damage.
You block the water moccasin's attack. The bat hits you but does no damage.
The water moccasin bites you.
* * * LOW HITPOINT WARNING * * *
It was a potion of invisibility.
You fade into invisibility!
* * * LOW HITPOINT WARNING * * *
You feel sick. The bat barely misses you. The water moccasin barely misses you.
The bat hits you but does no damage.
The water moccasin completely misses you.
It was a potion of resistance.
You feel protected.
* * * LOW HITPOINT WARNING * * *
You feel sick. The water moccasin barely misses you.
You die...

∩# #.# #.# #######
#.# ##.....## #.#
##...≈...## #.#
#...†≈≈...#######.#
∩†.†≈≈≈≈.......b@.#
#..†≈≈≈...#######.#
##...≈...## #S#
##.....## #!#
####### #.# ... ...
..... .....


You could see a water moccasin (unable to see you) and a bat.

Vanquished Creatures
  5 adders
  3 worms
  4 endoplasms
  3 goblins
  A hobgoblin (D:2)
  4 jackals (D:1)
  5 quokkas
  6 ball pythons
  11 bats
  4 frilled lizards
  4 kobolds
  7 rats
57 creatures vanquished.

Notes
Turn   | Place    | Note
-------+----------+-------------------------------------------
     0 | D:1      | Kagerus the Merfolk Gladiator began the quest for the Orb.
     0 | D:1      | Reached XP level 1. HP: 16/16 MP: 1/1
   126 | D:1      | Reached XP level 2. HP: 22/22 MP: 2/2
  1072 | D:2      | Reached XP level 3. HP: 27/27 MP: 3/3
  1193 | D:2      | Found a faded altar of an unknown god.
  1213 | D:2      | Reached skill level 5 in Polearms
  1457 | D:2      | Reached XP level 4. HP: 28/33 MP: 4/4
  2046 | D:3      | Found a glowing golden altar of the Shining One.
  2162 | D:3      | Found a glowing drain.
  2176 | Sewer    | Entered a sewer
  2205 | Sewer    | Noticed a water moccasin
  2225 | Sewer    | HP: 1/33 [poisoned by a water moccasin]
  2226 | Sewer    | Succumbed to a water moccasin's poison

Illustrated notes

Levels and vault maps discovered:
D:1:      minmay_arrival_up_and_down, layout_basic
D:2:      layout_basic, dreamdust_ecumenical_altar_statues, dk_noncrumbling_3
D:3:      layout_rooms, tso_metal_star, cheibrodos_sewer_entry_drain
Sewer:    sewer_big_baddie

Skill      XL: |  1  2  3 |
---------------+----------+-----
Polearms       | 5 |  5.8
Throwing       | 3 |  3.7
Fighting       | |  2.1
Dodging        | |  4.0

Action                     |  1- 3 |  4- 6 || total
---------------------------+-------+-------++-------
  Melee: Trident           |   145 |   103 ||   248
         Tailslap          |       |     2 ||     2
    Use: Potion            |       |     6 ||     6
   Stab: Sleeping          |     3 |     1 ||     4
 Armour: Leather armour    |    35 |    38 ||    73
  Dodge: Dodged            |    89 |    94 ||   183
  Block: Buckler           |       |    19 ||    19
